 Dungeon Crawl Stone Soup version 0.29.1-1-gd02db6906a (webtiles) character file.

Game seed: 13928493787405780327

1292 safid the Skirmisher (level 8, -3/94 HPs)
             Began as a Minotaur Hunter on Sept 30, 2022.
             Slain by Maggie
             ... wielding a +2 vorpal long sword
              (8 damage)
             ... on level 6 of the Dungeon.
             The game lasted 00:07:40 (5460 turns).

safid the Skirmisher (Minotaur Hunter)              Turns: 5460, Time: 00:07:40

Health: -3/94      AC: 24    Str: 16    XL:     8   Next: 30%
Magic:  7/7        EV:  2    Int:  6    God:
Gold:   333        SH:  0    Dex: 16    Spells: 7/7 levels left

rFire   . . .      SeeInvis .   a - +0 shortbow
rCold   . . .      Faith    .   (shield currently unavailable)
rNeg    . . .      Spirit   .   (body armour currently unavailable)
rPois   +          Reflect  .   (helmet currently unavailable)
rElec   .          Harm     .   (cloak currently unavailable)
rCorr   .          Rampage  .   (gloves currently unavailable)
Will    .....      NoTele   +   (boots currently unavailable)
Stlth   ++........              y - amulet of the acrobat
HPRegen 0.25/turn               p - +4 ring of slaying
MPRegen 0.10/turn               t - +4 ring of evasion

@: tree-form
A: stationary, stasis, torment immunity, boosted hp, (horns 2), (retaliatory
headbutt)
a: no special abilities


You were on level 6 of the Dungeon.
You were a tree.
You visited 1 branch of the dungeon, and saw 6 of its levels.

You collected 333 gold pieces.

Inventory:

Hand Weapons
 a - a +0 shortbow (weapon)
Armour
 c - a +0 leather armour (melded)
 d - a +0 cloak (melded)
 s - a +0 pair of boots (melded)
Jewellery
 p - a +4 ring of slaying (left branch)
 t - a +4 ring of evasion (right branch)
 y - an amulet of the acrobat (around neck)
Wands
 v - a wand of flame (11)
Scrolls
 b - 5 scrolls of immolation
 g - 3 scrolls of teleportation
 j - 2 scrolls of blinking
 k - a scroll of poison {unknown}
 m - 2 scrolls of vulnerability
 q - a scroll of fog {unknown}
 r - a scroll of amnesia {unknown}
 w - a scroll of enchant weapon {unknown}
 x - a scroll of fear {unknown}
 A - a scroll of noise {unknown}
 C - a scroll of enchant armour {unknown}
Potions
 e - 2 potions of mutation {unknown}
 f - 2 potions of flight {unknown}
 h - 3 potions of brilliance {unknown}
 i - 5 potions of lignification
 l - 4 potions of degeneration {unknown}
 n - 3 potions of might {unknown}
 o - 2 potions of berserk rage {unknown}
 u - 2 potions of curing {unknown}
 z - a potion of heal wounds {unknown}
 B - a potion of ambrosia {unknown}
 D - a potion of haste {unknown}


   Skills:
 - Level 3.0 Fighting
 + Level 11.7 Ranged Weapons
 - Level 2.1 Dodging
 - Level 0.7 Stealth


You had 7 spell levels left.
You didn't know any spells.
Your spell library contained the following spells:

 Spells                   Type           Power      Damage    Failure   Level
 Apportation              Tloc           0%         N/A       45%         1
 Freeze                   Ice            0%         1d3       45%         1
 Necrotise                Necr           0%         1d4       45%         1
 Summon Small Mammal      Summ           0%         N/A       45%         1
 Frozen Ramparts          Ice            0%         1d1       83%         3
 Hailstorm                Conj/Ice       0%         3d3       99%         4


Dungeon Overview and Level Annotations

Branches:
Dungeon (6/15)
 Temple: D:4-7

Altars:
Cheibriados
Uskayaw
Vehumet

Shops:
D:2 (

Annotations:
D:6 Maggie


Innate Abilities, Weirdness & Mutations

You are a tree.
Your roots penetrate the ground, keeping you stationary.
You cannot be teleported.
You are immune to unholy pain and torment.
Your maximum health is greatly increased.
Your equipment is partially melded.
((You have a pair of horns on your head.))
((You reflexively headbutt those who attack you in melee.))


Message History

* * * LOW HITPOINT WARNING * * *
x2 Fire: a) +0 shortbow
Press: ? - help, Q - select action, (/) - cycle Shift-Dir - straight line, f/p - Maggie
Aim: Maggie, wielding a +2 vorpal long sword and wearing +0 swamp dragon scales (moderately wounded, 73% to hit)
You shoot an arrow. The arrow hits Maggie.
Maggie is moderately wounded.
Maggie casts a spell.
Maggie attempts to bespell you! You resist.
A centaur comes into view.
Unknown command.
Fire: a) +0 shortbow
Press: ? - help, Q - select action, (/) - cycle Shift-Dir - straight line, f/p - Maggie
Aim: Maggie, wielding a +2 vorpal long sword and wearing +0 swamp dragon scales (moderately wounded, 73% to hit)
You shoot an arrow. The arrow hits Maggie.
Maggie is moderately wounded.
Maggie hits you but does no damage.
Unknown command.
Fire: a) +0 shortbow
Press: ? - help, Q - select action, (/) - cycle Shift-Dir - straight line, f/p - Maggie
Aim: Maggie, wielding a +2 vorpal long sword and wearing +0 swamp dragon scales (moderately wounded, 73% to hit)
You shoot an arrow.
The arrow hits Maggie but does no damage.
Maggie is moderately wounded.
Maggie hits you but does no damage.
Unknown command.
Fire: a) +0 shortbow
Press: ? - help, Q - select action, (/) - cycle Shift-Dir - straight line, f/p - Maggie
Aim: Maggie, wielding a +2 vorpal long sword and wearing +0 swamp dragon scales (moderately wounded, 73% to hit)
You shoot an arrow. The arrow hits Maggie!
Maggie is heavily wounded.
Maggie hits you with a +2 vorpal long sword.
* * * LOW HITPOINT WARNING * * *
x2 Fire: a) +0 shortbow
Press: ? - help, Q - select action, (/) - cycle Shift-Dir - straight line, f/p - Maggie
Aim: Maggie, wielding a +2 vorpal long sword and wearing +0 swamp dragon scales (heavily wounded, 73% to hit)
You shoot an arrow. The arrow completely misses Maggie.
The arrow hits the centaur!
The centaur is moderately wounded.
Maggie hits you with a +2 vorpal long sword!
You die...

.# .# ##### .# . #....
.# .. #.... .####...
###....#################
.#..'..
..'..c@♣................
...##
###...†#################
.)..##+## #....
.#..##..## #..).
....##... ......
#...##..####.###
....##..# ..
.....#..##.#
####.#.....# #..


You could see Maggie and a centaur.

Vanquished Creatures
  Sigmund (D:6)
  A black bear (D:6)
  A bullfrog (D:6)
  A necrophage (D:6)
  4 scorpions
  A gnoll sergeant (D:6)
  A howler monkey (D:6)
  2 hounds (D:5)
  2 gnoll boudas (D:4)
  A jelly (D:6)
  An iguana (D:4)
  Natasha (D:3)
  2 orc wizards (D:5)
  18 gnolls
  6 adders
  A shadow imp (D:5)
  2 white imps (D:6)
  An ufetubus (D:5)
  A worm (D:4)
  4 dart slugs
  6 orcs
  4 ball pythons
  5 bats
  7 endoplasms
  6 giant cockroaches
  3 goblins
  4 hobgoblins
  4 jackals
  8 kobolds
  5 quokkas
  A frilled lizard (D:1)
  5 rats
110 creatures vanquished.

Notes
Turn   | Place    | Note
-------+----------+-------------------------------------------
     0 | D:1      | safid the Minotaur Hunter began the quest for the Orb.
     0 | D:1      | Reached XP level 1. HP: 18/18 MP: 0/0
    62 | D:1      | Found a faded altar of an unknown god.
   125 | D:1      | Reached XP level 2. HP: 25/25 MP: 1/1
   307 | D:1      | Reached skill level 5 in Ranged Weapons
   541 | D:1      | Reached XP level 3. HP: 31/31 MP: 2/2
   957 | D:2      | Reached XP level 4. HP: 38/38 MP: 3/3
   966 | D:2      | Reached skill level 6 in Ranged Weapons
  1497 | D:2      | Found Wotebus's Antique Weapon Shop.
  1792 | D:3      | Found a radiant altar of Vehumet.
  1919 | D:3      | Found a hide-covered altar of Uskayaw.
  2138 | D:3      | Noticed Natasha
  2146 | D:3      | Killed Natasha
  2332 | D:4      | Reached skill level 7 in Ranged Weapons
  2332 | D:4      | Reached XP level 5. HP: 45/45 MP: 4/4
  3122 | D:5      | Entered Level 5 of the Dungeon
  3134 | D:5      | Found a snail-covered altar of Cheibriados.
  3180 | D:5      | Reached XP level 6. HP: 51/51 MP: 5/5
  3204 | D:5      | Reached skill level 8 in Ranged Weapons
  3585 | D:5      | Reached skill level 9 in Ranged Weapons
  3600 | D:5      | Noticed an ice beast
  3622 | D:5      | Reached XP level 7. HP: 56/57 MP: 6/6
  4639 | D:6      | Reached skill level 10 in Ranged Weapons
  4925 | D:6      | Noticed Sigmund
  4937 | D:6      | Killed Sigmund
  4938 | D:6      | Reached XP level 8. HP: 51/63 MP: 7/7
  5041 | D:6      | Reached skill level 11 in Ranged Weapons
  5441 | D:6      | Noticed Maggie
  5459 | D:6      | HP: 4/94 [Maggie/+2 vorpal long sword (1)]
  5460 | D:6      | Slain by Maggie

Illustrated notes

Levels and vault maps discovered:
D:1:      kennysheep_arrival_seaside, layout_basic,
          chequers_ecumenical_altar_simple_redux
D:2:      layout_loops_corners, serial_shops, shop
D:3:      layout_rooms, nicolae_uskayaw_dance_hall, nicolae_vehumet_altar_sigil,
          uniq_natasha
D:4:      layout_loops_corners
D:5:      layout_gridville, cheibriados_altar_1, st_stairs_6,
          kennysheep_generic_room_3
D:6:      layout_basic, uniq_sigmund, uniq_maggie

Skill      XL: |  1  2  3  4  5  6  7  8 |
---------------+-------------------------+-----
Fighting       | 3 |  3.0
Ranged Weapons | 5 7 9 10 11 | 11.7
Dodging        | |  2.1
Stealth        | |  0.7

Action                   |  1- 3 |  4- 6 |  7- 9 || total
-------------------------+-------+-------+-------++-------
 Fire: Shortbow          |    78 |   136 |   129 ||   343
  Use: Scroll            |       |       |     4 ||     4
       Potion            |       |       |     1 ||     1
Armor: Leather armour    |     4 |     6 |     7 ||    17
       Skin              |       |       |     2 ||     2
Dodge: Dodged            |    19 |    44 |    34 ||    97
